 Dungeon Crawl Stone Soup version 0.30.1-3-gfc49f6343a (webtiles) character file.

Game seed: 6482166400222987889

210 Destapler the Trooper (level 5, -5/46 HPs)
             Began as a Demonspawn Gladiator on July 20, 2023.
             Splashed by a jelly's acid (9 damage)
             ... on level 2 of the Dungeon.
             The game lasted 00:06:56 (1188 turns).

Destapler the Trooper (Demonspawn Gladiator)        Turns: 1188, Time: 00:06:56

Health: -5/46      AC:  0    Str: 14    XL:     5   Next: 56%
Magic:  5/5        EV: 12    Int:  9    God:
Gold:   105        SH:  0    Dex: 17    Spells: 4/4 levels left

rFire   . . .        a - +1 dagger (venom)
rCold   . . .        (no shield)
rNeg    . . .        b - +0 leather armour
rPois   .            p - +1 hat {Stlth+}
rElec   .            (no cloak)
rCorr   .            i - +0 pair of gloves
SInv    .            (no boots)
Will    .....        (no amulet)
Stlth   ++           (no ring)
HPRegen 0.27/turn    (no ring)
MPRegen 0.09/turn

%: no passive effects
@: brilliant, corroded
A: slimy green scales 1, claws 1, robust 1
a: no special abilities


You were on level 2 of the Dungeon.
You visited 1 branch of the dungeon, and saw 2 of its levels.

You collected 105 gold pieces.

Inventory:

Hand Weapons
 a - a +1 dagger of venom (weapon)
 o - a +0 vampiric dagger
 u - the +5 sling of Rotation {freeze, Fragile rElec Int+3}
   (You found it on level 2 of the Dungeon)

   Int:       It affects your intelligence (+3).
   rElec:     It insulates you from electricity.
   Fragile:   It will be destroyed if unequipped.
Missiles
 d - 3 throwing nets
 e - 6 javelins (quivered)
 h - 5 poisoned darts
 s - 2 atropa-tipped darts
Armour
 b - a +0 leather armour (worn)
 c - a +0 helmet
 i - a +0 pair of gloves (worn)
 p - a +1 hat of stealth (worn)
Jewellery
 f - a +6 ring of dexterity
Scrolls
 g - 4 scrolls of identify {unknown}
 r - a scroll of magic mapping {unknown}
 t - a scroll of teleportation {unknown}
Potions
 j - a potion of brilliance
 k - a potion of attraction {unknown}
 l - a potion of mutation
 m - a potion of heal wounds
 n - 3 potions of berserk rage {unknown}
 q - a potion of curing {unknown}


   Skills:
 + Level 4.0 Fighting
 + Level 3.1 Short Blades
 - Level 2.6 Staves
 - Level 2.0 Throwing
 + Level 0.3 Armour
 - Level 3.0 Dodging
 + Level 0.5 Stealth


You had 4 spell levels left.
You didn't know any spells.
Your spell library was empty.

Dungeon Overview and Level Annotations

Branches:
Dungeon (2/15)

Altars:

Shops:
D:2 *


Innate Abilities, Weirdness & Mutations

You are partially covered in slimy green scales. (AC +2)
You have sharp fingernails.
You are robust. (+10% HP)


Message History

Your hands burn!
* * * LOW HITPOINT WARNING * * *
The jelly is severely wounded.
Something hits the fungus.
The jelly misses you.
The jelly hits the fungus.
The fungus is splashed with acid.
The acid corrodes the fungus!
The endoplasm jiggles.
Something hits the fungus.
It was a potion of brilliance.
You feel clever all of a sudden. The jelly hits you.
* * * LOW HITPOINT WARNING * * *
The acid corrodes you!
You are splashed with acid!
* * * LOW HITPOINT WARNING * * *
The endoplasm hits the fungus.
The jelly hits the fungus.
The fungus is splashed with acid!
The fungus seems to be corroded for longer.
It was a potion of mutation.
You feel extremely strange.
Your fingernails lengthen.
You feel robust.
A nearby fungus withers and dies.
The jelly barely misses you.
The jelly hits the fungus.
The fungus is splashed with acid.
The acid corrodes the fungus!
It was a potion of heal wounds.
You feel much better. The jelly hits you. The acid corrodes you!
You are splashed with acid!
The jelly hits the fungus.
The fungus is splashed with acid.
The fungus seems to be corroded for longer.
The jelly attacks as you move away! The jelly hits you.
You are splashed with acid!
* * * LOW HITPOINT WARNING * * *
The endoplasm jiggles.
The jelly attacks as you move away! The jelly hits you.
* * * LOW HITPOINT WARNING * * *
You are splashed with acid!
* * * LOW HITPOINT WARNING * * *
You hit the jelly.
Your hands burn!
* * * LOW HITPOINT WARNING * * *
The jelly is almost dead.
The jelly attacks as you move away! The jelly hits you.
* * * LOW HITPOINT WARNING * * *
You are splashed with acid!
You die...

#.# #.# #.#
#####.#.# #.# #.#
#.# #.#.# #.# #.#
#.#######.#.# #.#
#.####...........#
###.#
#...##########.###
###...# ##### #†#
#...### ### #.#
#.##########.## #.#
#.####....#.#@# #.#
#).##.....#.#J# #.#
#..)).....#'#J#
#.###
#..))..)....#J#
#....
##.'........#J#
##### #.##.......#)#
#####......##'.PJ...
######## #......
######


You could see 2 jellies and 2 endoplasms.

Vanquished Creatures
  Sigmund (D:2)
  A worm (D:2)
  4 bats
  4 endoplasms
  A giant cockroach (D:2)
  3 goblins
  4 hobgoblins
  4 jackals (D:2)
  A quokka (D:1)
  7 ball pythons
  5 frilled lizards (D:1)
  10 kobolds
  3 rats
48 creatures vanquished.

Notes
Turn   | Place    | Note
-------+----------+-------------------------------------------
     0 | D:1      | Destapler the Demonspawn Gladiator began the quest for the
                  | Orb.
     0 | D:1      | Reached XP level 1. HP: 16/16 MP: 1/1
   214 | D:1      | Gained mutation: You are partially covered in slimy green
                  | scales. (AC +2) [demonic ancestry]
   214 | D:1      | Reached XP level 2. HP: 21/22 MP: 2/2
   290 | D:1      | Found a faded altar of an unknown god.
   316 | D:1      | Reached skill level 1 in Short Blades
   516 | D:2      | Noticed Sigmund
   524 | D:2      | Killed Sigmund
   525 | D:2      | Reached skill level 4 in Fighting
   525 | D:2      | Reached XP level 3. HP: 24/30 MP: 3/3
   525 | D:2      | Reached XP level 4. HP: 30/37 MP: 4/4
   525 | D:2      | Reached XP level 5. HP: 34/42 MP: 5/5
   695 | D:2      | Found Bewog's Assorted Antiques.
   922 | D:2      | Identified the +5 sling of Rotation {freeze, Fragile rElec
                  | Int+3}
  1180 | D:2      | Gained mutation: You have sharp fingernails. [potion of
                  | mutation]
  1180 | D:2      | Gained mutation: You are robust. (+10% HP) [potion of
                  | mutation]
  1188 | D:2      | Splashed by a jelly's acid

Illustrated notes

Levels and vault maps discovered:
D:1:      eino_arrival_druids_welcome, layout_rooms,
          hellmonk_ecumenical_altar_run_dry, eino_curves_01,
          corexii_corridor_pit
D:2:      cheibrodos_fertilizer, layout_loops_ring, basic_altar, serial_shops,
          shop, grunt_decor_one_mirror, uniq_sigmund, uniq_robin,
          uniq_crazy_yiuf_cottage

Skill      XL: |  1  2 |
---------------+-------+-----
Throwing       | 2 |  2.0
Short Blades   | 3 |  3.1
Fighting       | 4 |  4.0
Dodging        | 3 |  3.0
Staves         | |  2.6
Armour         | |  0.3
Stealth        | |  0.5

Action                     |  1- 3 |  4- 6 || total
---------------------------+-------+-------++-------
  Melee: Dagger            |    45 |   106 ||   151
         Punch             |       |     2 ||     2
  Throw: Throwing net      |     1 |       ||     1
         Javelin           |       |     2 ||     2
    Use: Potion            |       |     3 ||     3
   Stab: Held in net/web   |     2 |       ||     2
         Sleeping          |       |     1 ||     1
 Armour: Leather armour    |    14 |    30 ||    44
  Dodge: Dodged            |    28 |    54 ||    82
